 Dungeon Crawl Stone Soup version 0.22.0-40-g68aacdc4c8 (webtiles) character file.

119 Kaderl the Charmwright (level 5, 0/39 HPs)
             Began as a Human Skald on Sept 1, 2018.
             Slain by a gnoll
             ... wielding a +0 club
              (6 damage)
             ... on level 4 of the Dungeon.
             The game lasted 00:12:41 (1238 turns).

Kaderl the Charmwright (Human Skald)                Turns: 1238, Time: 00:12:42

Health: 0/39       AC:  3    Str: 11    XL:     5   Next: 23%
Magic:  0/8        EV: 12    Int: 13    God:
Gold:   244        SH:  0    Dex: 14    Spells: 4/8 levels left

rFire    . . .     SeeInvis .   a - +0 spear
rCold    . . .     Gourm    .   (no shield)
rNeg     . . .     Faith    .   b - +0 leather armour
rPois    .         Spirit   .   (no helmet)
rElec    .         Reflect  .   (no cloak)
rCorr    .         Harm     +   (no gloves)
MR       .....                  (no boots)
Stlth    +.........             k - amulet of harm
HPRegen  1.13/turn              (no ring)
MPRegen  0.11/turn              (no ring)

@: lethally poisoned (0 -> -1), regenerating (expiring)
A: no striking features
a: no special abilities


You were on level 4 of the Dungeon.
You were not hungry.

You visited 1 branch of the dungeon, and saw 4 of its levels.

You collected 244 gold pieces.

Inventory:

Hand Weapons
 a - a +0 spear (weapon)
Missiles
 e - 6 needles of confusion
Armour
 b - a +0 leather armour (worn)
Jewellery
 k - an amulet of harm (around neck)
Scrolls
 h - a scroll of identify
 j - a scroll of magic mapping {unknown}
 o - a scroll of enchant weapon {unknown}
Potions
 c - a potion of heal wounds {unknown}
 f - a potion of mutation {unknown}
 g - a potion of might {unknown}
 i - a potion of curing {unknown}
 l - a potion of lignification {unknown}
 m - a potion of haste {unknown}
 n - a potion of flight {unknown}
Comestibles
 d - 4 rations


   Skills:
 + Level 2.6 Fighting
 + Level 2.9 Polearms
 + Level 1.4 Armour
 + Level 2.4 Dodging
 + Level 2.2 Spellcasting
 + Level 4.1 Charms
 + Level 0.2 Necromancy


You had 4 spell levels left.
You knew the following spells:

 Your Spells              Type           Power        Failure   Level  Hunger
a - Infusion              Chrm           ##..         6%          1    ##.....
b - Regeneration          Chrm/Necr      #.........   38%         3    ####...

Your spell library contained the following spells:

 Spells                   Type           Power        Failure   Level  Hunger
 Song of Slaying          Chrm           ##......     9%          2    ###....
 Shroud of Golubria       Chrm/Tloc      #.........   22%         2    ###....
 Spectral Weapon          Hex/Chrm       #.......     38%         3    ####...


Dungeon Overview and Level Annotations

Branches:
Dungeon (4/15)
 Temple: D:4-7

Altars:


Message History

* * * LOW HITPOINT WARNING * * *
You are no longer magically infusing your attacks.
The adder bites you.
* * * LOW HITPOINT WARNING * * *
You are poisoned.
The adder poisons you!
You feel sick.
Found a mace.
You feel sick.
There is a stone staircase leading down here.
The adder closely misses you. The gnoll barely misses you.
The adder barely misses you.
You climb downwards.
There is a stone staircase leading up here.
Casting: Infusion (safe; 6% risk of failure)
Confirm with . or Enter, or press ? or * to list all spells.
Your skin crawls.
Your skin is crawling a little less now.
The adder barely misses you. The gnoll hits you with a club.
You die...

.....
#...
#...
... ..#
#.# #g#
#@# #S#
...
...#.
###...#
#.# #
#.# #.#


You could see a gnoll and an adder.

Vanquished Creatures
  A hound (D:3)
  2 gnolls
  2 adders (D:2)
  A worm (D:2)
  A dart slug (D:1)
  2 leopard geckos (D:2)
  An orc (D:2)
  4 giant cockroaches
  7 goblins
  2 hobgoblins
  8 kobolds
  3 ball pythons
  6 bats
  4 frilled lizards
  4 rats
  A fungus (D:3)
49 creatures vanquished.

Vanquished Creatures (others)
  A fungus (D:3)
1 creature vanquished.

Grand Total: 50 creatures vanquished

Notes
Turn   | Place    | Note
-------+----------+-------------------------------------------
     0 | D:1      | Kaderl the Human Skald began the quest for the Orb.
     0 | D:1      | Reached XP level 1. HP: 16/16 MP: 3/3
   196 | D:1      | Reached XP level 2. HP: 17/22 MP: 1/5
   224 | D:1      | Reached XP level 3. HP: 24/27 MP: 2/6
   773 | D:2      | Reached XP level 4. HP: 22/33 MP: 2/7
   801 | D:2      | Learned a level 3 spell: Regeneration
   862 | D:2      | Reached skill level 4 in Charms
  1215 | D:3      | Reached XP level 5. HP: 21/39 MP: 3/8
  1238 | D:4      | Slain by a gnoll

Skill      XL: |  1  2  3  4 |
---------------+-------------+-----
Charms         | 4 |  4.1
Fighting       | |  2.6
Polearms       | |  2.9
Armour         | |  1.4
Dodging        | |  2.4
Spellcasting   | |  2.2
Necromancy     | |  0.2

Action                   |  1- 3 |  4- 6 || total
-------------------------+-------+-------++-------
Melee: Spear             |    77 |   104 ||   181
 Cast: Infusion          |     5 |     2 ||     7
       Regeneration      |       |     5 ||     5
  Use: Scroll            |     1 |     2 ||     3
  Eat: Ration            |       |     1 ||     1
Armor: Leather armour    |    10 |    23 ||    33
Dodge: Dodged            |    50 |    50 ||   100
